Unix NetHack Version 5.0.0-0 post-release - last build May  4 2026 22:22:43 (774f63e81ad911689b3a0859ea89b322d5daca8d,branch:main).

Game began 2026-05-06 20:44:24, ended 2026-05-06 20:49:48.

DaveT, lawful male human Priest

                                       -----------
                                       |.........|
                                       |.........|
                        -----.----     |........{|
                        |.(((.%..|     |.........|
                        |...m@(.(|    #..........|
                        |..%.....-#####|......<...
                        |%.......|     -----------
                        |......%.|
                        ----------

DaveT the Acolyte            St:7 Dx:10 Co:14 In:13 Wi:18 Ch:13  Lawful
Dlvl:2  $:35 HP:0(31) Pw:42(86) AC:7  Xp:5 T:748 

Latest messages:
 In what direction? k
 You kick a locked chest.
 THUD!
 In what direction? k
 You kick a locked chest.
 THUD!
 In what direction? k
 You kick a locked chest.
 THUD!
 You hear the splashing of a naiad.
 In what direction? k
 You kick a locked chest.
 THUD!
 You break open the lock!
 In what direction? k
 You kick a broken chest.
 THUD!
 You see here a broken chest.
 The chest is empty.
 What do you want to use or apply? [ghsu or ?*] <space>
 Never mind.
 You see here an empty broken chest.
 That chest is a giant mimic!
 You hit the giant mimic!
 You hit the giant mimic!
 The giant mimic hits!
 The giant mimic hits again!
 In what direction? .
 You feel better.
 You miss the giant mimic.
 You hit the giant mimic.
 You miss the giant mimic.
 The giant mimic hits!
 The giant mimic hits again!
 In what direction? .
 You feel better.
 You miss the giant mimic.
 You hit the giant mimic!
 You hit the giant mimic.
 You hit the giant mimic!
 You miss the giant mimic.
 The giant mimic hits!
 The giant mimic hits again!
 In what direction? .
 You feel better.
 The giant mimic hits!
 The giant mimic hits again!
 You die...
 Do you want your possessions identified? [ynq] (y) y
 Do you want to see your attributes? [ynq] (y) q

Inventory:
 Coins    ('$')
  $ - 35 gold pieces
 Weapons  (')')
  i - 8 blessed +1 arrows
  j - a cursed -1 dagger
  a - a blessed +1 mace (weapon in right hand)
 Armor    ('[')
  c - a burnt +0 small shield (being worn)
  b - a +1 robe (being worn)
 Comestibles  ('%')
  e - a clove of garlic
  k - 2 cursed food rations
  f - a sprig of wolfsbane
 Spellbooks  ('+')
  h - a spellbook of detect unseen
  g - a spellbook of healing
  u - a spellbook of levitation
 Potions  ('!')
  d - 4 potions of holy water
 Rings    ('=')
  n - a cursed -1 ring of gain strength
 Tools    ('(')
  s - a cursed tallow candle
 Gems/Stones  ('*')
  t - a cursed agate stone
  m - a cursed fluorite stone
  x - an obsidian stone
  l - a cursed worthless piece of red glass
  p - a worthless piece of yellow glass

DaveT the Priest's attributes:

Background:
 You were an Acolyte, a level 5 human Priest.
 You were lawful, on a mission for Blind Io
 who was opposed by The Lady (neutral) and Offler (chaotic).
 You were right-handed.
 You were in the Dungeons of Doom, on level 2.
 You entered the dungeon 748 turns ago.
 You had 289 experience points, 31 more were needed to attain level 6.

Basics:
 You had 0 out of 31 hit points.
 You had 42 out of 86 energy points (spell power).
 Your armor class was 7.
 Your wallet contained 35 zorkmids.
 Autopickup was off.

Final Characteristics:
 Your strength was 7 (limit:18/100).
 Your dexterity was 10 (limit:18).
 Your constitution was 14 (limit:18).
 Your intelligence was 13 (limit:18).
 Your wisdom was 18 (limit:18).
 Your charisma was 13 (limit:18).

Final Status:
 You were held by a giant mimic (west).
 You weren't hungry.
 You were unencumbered.
 You were wielding a mace.
 You had basic skill with mace.

Final Attributes:
 You were fervently aligned.
 You were guarded.
 Your spell casting was enhanced by wearing a robe.
 You are dead.

Miscellaneous:
 You didn't encounter any bones levels.
 Total elapsed playing time was 5 minutes and 24 seconds.

Major events:
 Turn
    1: DaveT the lawful human Priest entered the dungeon
  605: attained the rank of Acolyte (level 3)
  748: killed by a giant mimic

Spells:
 Name                 Level Category     Fail Retention
 healing                1   healing        0%  76%-100%
 detect unseen          3   divination    74%  76%-100%

Skills:
 Fighting Skills
   bare handed combat [Unskilled]
 Weapon Skills
   club               [Unskilled]
   mace               [Basic]
   morning star       [Unskilled]
   flail              [Unskilled]
   hammer             [Unskilled]
   quarterstaff       [Unskilled]
   polearms           [Unskilled]
   spear              [Unskilled]
   trident            [Unskilled]
   lance              [Unskilled]
   bow                [Unskilled]
   sling              [Unskilled]
   crossbow           [Unskilled]
   dart               [Unskilled]
   shuriken           [Unskilled]
   boomerang          [Unskilled]
   unicorn horn       [Unskilled]
 Spellcasting Skills
   healing spells     [Unskilled]
   divination spells  [Unskilled]
   clerical spells    [Basic]

Voluntary challenges:
 Character rerolling was not enabled.
 You never genocided any monsters.
 You never polymorphed an object.
 You never changed form.
 You used no wishes.
Achievement:
 You attained the rank of Acolyte.

 The Dungeons of Doom: levels 1 to 2
    Level 1:
       An altar.
    Level 2: "vault" <- You were here.
       A fountain.
       Final resting place for
          you, killed by a giant mimic.


Vanquished creatures:
  2 large mimics
  5 small mimics
 an iguana
  2 jackals
  a kobold
  2 lichens
  a kobold zombie
  2 newts
16 creatures vanquished.

No species were genocided or became extinct.

Game over:
                       ----------
                      /          \
                     /    REST    \
                    /      IN      \
                   /     PEACE      \
                  /                  \
                  |      DaveT       |
                  |      35 Au       |
                  |   killed by a    |
                  |   giant mimic    |
                  |                  |
                  |                  |
                  |       2026       |
                 *|     *  *  *      | *
        _________)/\\_//(\/(/\)/\//\/|_)_______

Goodbye DaveT the Priest...

You died in The Dungeons of Doom on dungeon level 2 with 1404 points,
and 35 pieces of gold, after 748 moves.
You were level 5 with a maximum of 31 hit points when you died.

